 Dungeon Crawl Stone Soup version 0.16.1-11-g651b585 (webtiles) character file.

79 Siriah the Ruffian (level 4, -7/35 HPs)
             Began as a Draconian Transmuter on Apr 1, 2015.
             Mangled by a gnoll
             ... wielding a +0 flail
              (15 damage)
             ... on level 2 of the Dungeon.
             The game lasted 00:04:38 (1516 turns).

Siriah the Ruffian (Draconian Transmuter)           Turns: 1516, Time: 00:04:38

Health: -7/35      AC:  5    Str: 13    XL:     4   Next: 16%
Magic:  7/8        EV: 12    Int: 14    God:
Gold:   84         SH:  0    Dex: 11    Spells: 2 memorised, 5 levels left

rFire  . . .     SeeInvis .       - Unarmed
rCold  . . .     Clarity  .     (armour unavailable)
rNeg   . . .     SustAb   .     (no shield)
rPois  .         Gourm    .     (helmet restricted)
rElec  .         Spirit   .     (no cloak)
rCorr  .         Warding  .     (no gloves)
rMut   .         Stasis   .     (no boots)
MR     .....                    (no amulet)
Stlth  +.........               (no ring)
                                (no ring)

@: appendage, not resistant to hostile enchantments, very unstealthy
A: unfitting armour, horns 2, cold-blooded, AC +5
a: End Transformation


You were on level 2 of the Dungeon.
You were hungry.
You had grown temporary horns.
You visited 1 branch of the dungeon, and saw 2 of its levels.

You collected 84 gold pieces.

Inventory:

Hand weapons
 o - a +1 hunting sling of flaming
Missiles
 b - 11 arrows
 m - 6 tomahawks (quivered)
 p - 15 stones
 q - a throwing net
Scrolls
 e - a scroll of teleportation {unknown}
 j - 2 scrolls of identify {unknown}
 k - a scroll of noise {unknown}
Potions
 c - a potion of restore abilities {unknown}
 h - a potion of curing
 i - a potion of might {unknown}
 l - a potion of agility {unknown}
Books
 d - a book of Changes

   Spells                             Type                      Level
   a - Beastly Appendage              Transmutation                1
   b - Sticks to Snakes               Transmutation                2
   c - Spider Form                    Transmutation/Poison         3
   d - Ice Form                       Ice/Transmutation            4
   e - Blade Hands                    Transmutation                5
Comestibles
 a - 2 bread rations
 f - a meat ration
 g - a slice of pizza
 n - a chunk of flesh


   Skills:
 - Level 1.1 Fighting
 + Level 2.7 Dodging
 + Level 3.6 Unarmed Combat
 + Level 2.6 Spellcasting
 + Level 2.5 Transmutations


You had 5 spell levels left.
You knew the following spells:

 Your Spells              Type           Power        Failure   Level  Hunger
a - Beastly Appendage     Trmt           #.....       10%         1    #......
b - Sticks to Snakes      Trmt           #.........   14%         2    ###....


Dungeon Overview and Level Annotations

Branches:
Dungeon (2/15)

Altars:
Qazlal
Vehumet


Innate Abilities, Weirdness & Mutations

Your plain brown scales are hard (AC +5).
Your body does not fit into most forms of armour.
Your cold-blooded metabolism reacts poorly to cold.
You have a pair of horns on your head.


Message History

The gnoll is severely wounded.
The gnoll barely misses you.
You hit the gnoll.
You kill the gnoll!
The gnoll barely misses you.
You closely miss the gnoll. The gnoll hits you with a flail.
* * * LOW HITPOINT WARNING * * *
You see here a stone.
Your magical contamination has completely faded away.
The gnoll throws a throwing net.
The throwing net barely misses you.
You are feeling hungry.
Found a stormy altar of Qazlal.
Casting: Sticks to Snakes
Confirm with . or Enter, or press ? or * to list all spells.
You grow a pair of large bovine horns.
The gnoll hits you with a flail!
* * * LOW HITPOINT WARNING * * *
You hit the gnoll.
The gnoll is moderately wounded.
The gnoll hits you with a flail!
You die...

#..>###### §8§
#.##.###. .^.......#
§§§###§§§ #.##.#...
#....###.##§§§§#_#§§§§
#.##.#.#. ##.#.# #..#
§§§#.#§§§ #.##.....
##.#.###..# §§#.#§§
#.####.#. ..........#
§#.#§ #.####.#.
##.#.####.# ##.##
#........ #.#.####.#
#...# #########
#.#......# #.@.#
#.######## #g###
######### #.#
#####.#### #.......#
##.# #........#
#.#####.# ##.#
#.######.# #.#####.#
##.## #.# # #.##.....
#...## ###.####
#.##.##.. .....#
#......#
######.##.##..
#..(#####.#.##.#
#............#


You could see a gnoll.

Vanquished Creatures
  A gnoll (D:2)
  3 giant mites (D:2)
  A worm (D:2)
  3 giant geckos (D:1)
  An ooze (D:2)
  A ball python (D:2)
  2 giant cockroaches (D:2)
  4 goblins
  7 hobgoblins
  3 jackals (D:1)
  6 kobolds (D:1)
  2 bats (D:1)
  2 giant newts
  4 rats
40 creatures vanquished.

Notes
Turn   | Place    | Note
--------------------------------------------------------------
     0 | D:1      | Siriah, the Draconian Transmuter, began the quest for the Orb.
     0 | D:1      | Reached XP level 1. HP: 16/16 MP: 3/3
   104 | D:1      | Reached XP level 2. HP: 14/23 MP: 2/4
   111 | D:1      | Learned a level 2 spell: Sticks to Snakes
   692 | D:2      | Found a radiant altar of Vehumet.
   797 | D:2      | Reached XP level 3. HP: 13/28 MP: 4/6
  1425 | D:2      | Reached XP level 4. HP: 27/35 MP: 6/8
  1512 | D:2      | Found a stormy altar of Qazlal.
  1516 | D:2      | Mangled by a gnoll

Action                   |  1- 3 |  4- 6 || total
-------------------------+-------+-------++-------
Melee: Unarmed           |   120 |    14 ||   134
Throw: Tomahawk          |     9 |       ||     9
 Cast: Beastly Appendage |    19 |     1 ||    20
       Sticks to Snakes  |       |     1 ||     1
  Use: Potion            |     1 |       ||     1
  Eat: Chunk             |     2 |       ||     2
